 Dungeon Crawl Stone Soup version 0.31.0-11-ge490571c62 (webtiles) character file.

Game seed: 12773418361573074752

7 browni3141 the Conjurer (level 1, -1/13 HPs)
             Began as a Demonspawn Conjurer on Jan 30, 2024.
             Slain by a hobgoblin (3 damage)
             ... on level 1 of the Dungeon.
             The game lasted 00:00:25 (303 turns).

browni3141 the Conjurer (Demonspawn Conjurer)        Turns: 303, Time: 00:00:25

Health: -1/13      AC:  2    Str:  7    XL:     1   Next: 91%
Magic:  1/3        EV: 12    Int: 18    God:
Gold:   11         SH:  0    Dex: 11    Spells: 3/4 levels left

rFire   . . .        (no weapon)
rCold   . . .        (no shield)
rNeg    . . .        a - +0 robe
rPois   .            (no helmet)
rElec   .            (no cloak)
rCorr   .            (no gloves)
SInv    .            (no boots)
Will    .....        (no amulet)
Stlth   ++           (no ring)
HPRegen 0.22/turn    (no ring)
MPRegen 0.08/turn

%: no passive effects
@: no status effects
A: no striking features
a: no special abilities


You were on level 1 of the Dungeon.
You visited 1 branch of the dungeon, and saw 1 of its levels.

You collected 11 gold pieces.

Inventory:

Armour
 a - a +0 robe (worn)
Jewellery
 c - an amulet of regeneration
Scrolls
 d - a scroll of immolation {unknown}
 e - a scroll of revelation {unknown}
Potions
 b - a potion of magic


   Skills:
 + Level 1.9 Dodging
 + Level 2.0 Stealth
 + Level 2.1 Spellcasting
 + Level 4.1 Conjurations


You had 3 spell levels left.
You knew the following spells:

 Your Spells              Type           Power      Damage    Failure   Level
a - Magic Dart            Conj           64%        1d6       3%          1

Your spell library contained the following spells:

 Spells                   Type           Power      Damage    Failure   Level
 Searing Ray              Conj           32%        2d5       4%          2
 Fulminant Prism          Conj/Alch      4%         3d5       58%         4
 Iskenderun's Mystic Bla  Conj/Tloc      9%         2d4       58%         4


Dungeon Overview and Level Annotations

Branches:
Dungeon (1/15)

Altars:


Message History

The magic dart hits the giant cockroach.
The giant cockroach is heavily wounded.
The frilled lizard hisses angrily.
The magic dart hits the giant cockroach but does no damage.
The giant cockroach is heavily wounded.
The magic dart hits the giant cockroach.
The giant cockroach is severely wounded.
The giant cockroach bites you.
You are out of magic!
You hit the giant cockroach but do no damage.
The giant cockroach is severely wounded.
The giant cockroach closely misses you.
You hit the giant cockroach but do no damage.
The giant cockroach is severely wounded.
The giant cockroach bites you but does no damage.
The frilled lizard bites you.
The giant cockroach bites you but does no damage.
You barely miss the giant cockroach.
The giant cockroach is severely wounded.
The giant cockroach barely misses you.
The frilled lizard bites you but does no damage.
You hit the giant cockroach.
The giant cockroach is almost dead.
The giant cockroach bites you.
The frilled lizard bites you but does no damage.
The giant cockroach attacks as it pursues you!
The giant cockroach closely misses you.
You hit the giant cockroach.
You kill the giant cockroach!
You hit the frilled lizard but do no damage.
The frilled lizard closely misses you.
You are out of magic!
You are out of magic!
You barely miss the frilled lizard. The frilled lizard misses you.
You closely miss the frilled lizard. The frilled lizard barely misses you.
You miss the frilled lizard. The frilled lizard barely misses you.
You hit the frilled lizard.
You kill the frilled lizard!
Your Stealth skill increases to level 2!
No target in view!
No target in view!
HP restored.
You see here a +2 mace of protection.
Found a stone staircase leading down.
d - a scroll labelled UCHA ADOLE WU YTYJ You see here a +0 barding.
e - a scroll labelled BUCAUM YXTIA You can't see any susceptible monsters within range! (Use Z to cast anyway.)
A ball python and a kobold come into view.
The kobold shouts!
There are monsters nearby!
There are monsters nearby!
The magic dart hits the kobold.
You kill the kobold!
The ball python hisses angrily.
A hobgoblin comes into view.
The magic dart hits the ball python.
The ball python is moderately wounded.
The hobgoblin shouts!
The ball python bites you. The ball python closely misses you.
The magic dart hits the ball python.
The ball python is heavily wounded.
The ball python bites you. The ball python barely misses you.
You are out of magic!
You barely miss the ball python.
The ball python is heavily wounded.
The ball python bites you. The ball python grabs you.
The ball python constricts you.
You barely miss the ball python.
The ball python is heavily wounded.
The ball python misses you. The ball python constricts you.
You completely miss the ball python.
The ball python is heavily wounded.
The ball python bites you. The ball python constricts you.
The ball python bites you. The ball python constricts you.
You escape the ball python's grasp.
The ball python bites you. The ball python grabs you.
The ball python constricts you.
You escape the ball python's grasp.
The magic dart hits the ball python.
You kill the ball python!
The hobgoblin attacks as it pursues you!
The hobgoblin hits you.
The magic dart hits the hobgoblin but does no damage.
The hobgoblin hits you.
The magic dart hits the hobgoblin but does no damage.
The hobgoblin hits you but does no damage.
You are out of magic!
The magic dart hits the hobgoblin but does no damage.
The hobgoblin attacks as it pursues you!
The hobgoblin barely misses you.
The hobgoblin attacks as it pursues you!
The hobgoblin hits you.
The hobgoblin attacks as it pursues you!
The hobgoblin hits you.
The hobgoblin attacks as it pursues you!
The hobgoblin hits you but does no damage.
The hobgoblin attacks as it pursues you!
The hobgoblin hits you.
You die...

##.####.##.#######.......# #..#
#.......##.......#.......# #..#
...####.##.......#.)†....# #..#
...#######.......#..###..# #..#
.................#..#
#..#####..#
..##############.#..#
#.........# .........
#.#..###.........# ...#######
#g#..............# #.........#.#
#@#........####†.# #..######.#.#
#.#........# #.....# #.#.#
#.#..####..# .#
#####.###.#.####.#..# #..# ..#
.......(...>#.......# #..####..#
#####.###.#.#.#..#..# #........#
#.# #.....#..#..####........ #.#
#.......)#..............
#####.####..##...#.........###..


You could see a hobgoblin.

Vanquished Creatures
  A ball python (D:1)
  A giant cockroach (D:1)
  A hobgoblin (D:1)
  2 kobolds (D:1)
  A frilled lizard (D:1)
  A rat (D:1)
7 creatures vanquished.

Notes
Turn   | Place    | Note
-------+----------+-------------------------------------------
     0 | D:1      | browni3141 the Demonspawn Conjurer began the quest for the
                  | Orb.
     0 | D:1      | Reached XP level 1. HP: 13/13 MP: 3/3
   303 | D:1      | Slain by a hobgoblin

Illustrated notes

Levels and vault maps discovered:
D:1:      dpeg_arrival_boxorama, layout_basic,
          dreamdust_ecumenical_altar_sealed_demon

Skill      XL: |  1 |
---------------+----+-----
Stealth        | 2 |  2.0
Dodging        | |  1.9
Spellcasting   | |  2.1
Conjurations   | |  4.1

Action                     || total
---------------------------++-------
  Melee: Unarmed           ||    13
   Cast: Magic Dart        ||    13
 Armour: Robe              ||    20
  Dodge: Dodged            ||    11
